 Dungeon Crawl Stone Soup version 0.26.0-10-g1f06aea511 (webtiles) character file.

Game seed: 11749763593907091896

21 Arum the Shield-Bearer (level 3, 0/29 HPs)
             Began as a Formicid Fighter on Jan 16, 2021.
             Was an Initiate of Zin.
             Succumbed to an adder's poison
             ... on level 2 of the Dungeon.
             The game lasted 00:00:45 (217 turns).

Arum the Shield-Bearer (Formicid Fighter)            Turns: 217, Time: 00:00:45

Health: 0/29       AC:  6    Str: 21    XL:     3   Next: 5%
Magic:  3/3        EV:  8    Int:  7    God:    Zin [......]
Gold:   36         SH:  9    Dex: 10    Spells: 2/2 levels left

rFire    . . .     SeeInvis +   a - +0 long sword
rCold    . . .     Faith    .   c - +0 kite shield
rNeg     . . .     Spirit   .   b - +0 scale mail
rPois    .         Reflect  .   (helmet unavailable)
rElec    .         Harm     .   (no cloak)
rCorr    .         Rampage  .   (no gloves)
Will     .....                  (no boots)
Stlth    ..........             (no amulet)
HPRegen  0.09/turn              (no ring)
MPRegen  0.08/turn              (no ring)

@: lethally poisoned (0 -> -8)
A: permanent stasis, dig shafts and tunnels, four strong arms, antennae 3
a: Dig, Shaft Self, Renounce Religion, Donate Gold


You were on level 2 of the Dungeon.
You worshipped Zin.
Zin was noncommittal.
You visited 1 branch of the dungeon, and saw 2 of its levels.

You collected 39 gold pieces.
You donated 3 gold pieces to Zin.

Inventory:

Hand Weapons
 a - a +0 long sword (weapon)
Armour
 b - a +0 scale mail (worn)
 c - a +0 kite shield (worn)
Scrolls
 e - 2 scrolls of identify {unknown}
Potions
 d - 2 potions of might


   Skills:
 + Level 3.6 Fighting
 + Level 2.3 Long Blades
 + Level 3.6 Armour
 + Level 4.0 Shields


You had 2 spell levels left.
You didn't know any spells.
Your spell library was empty.

Dungeon Overview and Level Annotations

Branches:
Dungeon (1/15)

Altars:
Zin


Innate Abilities, Weirdness & Mutations

You cannot be hasted, slowed, berserked, paralysed or teleported.
You can dig through walls and to a lower floor.
Your four strong arms can wield two-handed weapons with a shield.
You have a pair of large antennae on your head. (SInv)


Message History

Unknown command.
Okay, then.
Unknown command.
You slash the adder!
You kill the adder!
* * * LOW HITPOINT WARNING * * *
You feel sick.
Your Shields skill increases to level 4!
You have reached level 3!
Your experience leads to an increase in your attributes!
Increase (S)trength, (I)ntelligence, or (D)exterity?
You feel stronger.
* * * LOW HITPOINT WARNING * * *
You feel sick.
* * * LOW HITPOINT WARNING * * *
You feel sick.
You see here a scroll labelled HECHEWN WATYGY.
* * * LOW HITPOINT WARNING * * *
You feel sick.
You die...

#........# #........#
#........# ##########
#........# #.........
#........# #.........
#........######## #.........
##......#.......# #...).....
.#..............###.........
........†.......@.?.)†......
..............†..##.......(.
####.............###.#.#####
## #..............##...# {
.# #............#.####.# .#
#............#.# ##
.###............#..
.....><............. {
###......(.....###+##


There were no monsters in sight!

Vanquished Creatures
  An adder (D:2)
  A dart slug (D:2)
  A bat (D:2)
  A giant cockroach (D:2)
  A hobgoblin (D:2)
  A frilled lizard (D:2)
  3 goblins
  2 rats (D:1)
11 creatures vanquished.

Notes
Turn   | Place    | Note
-------+----------+-------------------------------------------
     0 | D:1      | Arum the Formicid Fighter began the quest for the Orb.
     0 | D:1      | Reached XP level 1. HP: 18/18 MP: 1/1
    25 | D:1      | You fall into a shaft and drop 1 floor!
   116 | D:2      | Found a glowing silver altar of Zin.
   126 | D:2      | Became a worshipper of Zin the Law-Giver
   154 | D:2      | Reached XP level 2. HP: 23/24 MP: 2/2
   214 | D:2      | Reached skill level 4 in Shields
   214 | D:2      | Reached XP level 3. HP: 4/29 MP: 3/3
   216 | D:2      | HP: 1/29 [poisoned by an adder]
   217 | D:2      | Succumbed to an adder's poison

Illustrated notes

Levels and vault maps discovered:
D:1:      ncdulo_watergridlock, layout_basic
D:2:      layout_basic, grunt_temple_overflow_holy_war,
          nicolae_overflow_crystal_walls, minmay_snake_closets

Skill      XL: |  1  2 |
---------------+-------+-----
Shields        | 4 |  4.0
Fighting       | |  3.6
Long Blades    | |  2.3
Armour         | |  3.6

Action                   || total
-------------------------++-------
Melee: Long sword        ||    35
Armor: Scale mail        ||    12
Dodge: Dodged            ||    12
Block: Kite shield       ||     9
       Rpst.: Long sword ||     3
